 Dungeon Crawl Stone Soup version 0.29-a0-322-g68df515428 (webtiles) character file.

Game seed: 13005103279938494604

8689 zishaf the Covert (level 11, 0/90 HPs)
             Began as a Vine Stalker Brigand on Apr 5, 2022.
             Was a Believer of Uskayaw.
             Succumbed to sammy202020's ghost's poison
             ... on level 10 of the Dungeon.
             The game lasted 00:21:06 (8434 turns).

zishaf the Covert (Vine Stalker Brigand)            Turns: 8434, Time: 00:21:06

Health: 0/90       AC: 25    Str: 17    XL:     11   Next: 34%
Magic:  6/18       EV:  2    Int: 11    God:    Uskayaw [**....]
Gold:   459        SH:  5    Dex: 17    Spells: 10/10 levels left

rFire   . . .      SeeInvis .   Y - +2 dagger (speed)
rCold   . . .      Faith    .   (no shield)
rNeg    . . .      Spirit   +   (body armour currently unavailable)
rPois   +          Reflect  +   (helmet currently unavailable)
rElec   .          Harm     .   (cloak currently unavailable)
rCorr   .          Rampage  .   (gloves currently unavailable)
Will    +....      NoTele   +   (boots currently unavailable)
Stlth   ++++......              T - amulet of reflection
HPRegen 1.05/turn               c - +4 ring of slaying
MPRegen 0.16/turn               g - +4 ring of evasion

@: mighty, lethally poisoned (0 -> -2), tree-form
A: stationary, stasis, torment immunity, boosted hp, (fangs 3), regeneration 1,
magic shield, (antimagic bite), no potion heal 2
a: Renounce Religion, Stomp, Line Pass


You were on level 10 of the Dungeon.
You worshipped Uskayaw.
Uskayaw was aware of your devotion.
You were a tree.
You visited 2 branches of the dungeon, and saw 11 of its levels.

You collected 459 gold pieces.

Inventory:

Hand Weapons
 a - a +2 dagger of draining
 b - a +0 hunting sling
 w - a +2 dagger of venom
 K - a +3 dagger
 Y - a +2 dagger of speed (weapon)
Missiles
 d - 11 poisoned darts (quivered)
 e - 3 curare-tipped darts
 l - 5 atropa-tipped darts
 E - 4 javelins
Armour
 i - a +1 pair of boots (melded)
 y - a scarf of resistance (melded)
 G - a +2 cloak
 H - a +3 ring mail (melded)
 L - a +0 pair of gloves (melded)
 N - a +0 helmet (melded)
 W - a +0 kite shield
Jewellery
 c - a +4 ring of slaying (left branch)
 f - a ring of fire
 g - a +4 ring of evasion (right branch)
 A - a ring of poison resistance
 B - a ring of magical power
 C - an amulet of magic regeneration
 T - an amulet of reflection (around neck)
Wands
 k - a wand of charming (11)
 o - a wand of flame (51)
 J - a wand of acid (11)
 P - a wand of iceblast (6)
Scrolls
 h - a scroll of enchant armour
 n - a scroll of brand weapon
 x - 3 scrolls of teleportation
 F - 4 scrolls of blinking
 R - a scroll of magic mapping {unknown}
 S - a scroll of amnesia {unknown}
 U - a scroll of silence {unknown}
 V - a scroll of immolation {unknown}
 X - a scroll of torment {unknown}
 Z - a scroll of vulnerability {unknown}
Potions
 p - 2 potions of brilliance
 r - a potion of curing
 s - 2 potions of lignification
 t - 5 potions of invisibility
 u - a potion of haste
 v - 3 potions of flight
 z - 4 potions of magic
 I - a potion of ambrosia
 O - a potion of resistance
 Q - a potion of mutation


   Skills:
 - Level 8.0 Fighting
 + Level 8.2 Short Blades
 - Level 1.7 Throwing
 - Level 4.1 Dodging
 - Level 9.0 Stealth
 * Level 3.9 Shields
 * Level 8.8 Invocations


You had 10 spell levels left.
You didn't know any spells.
Your spell library contained the following spells:

 Spells                   Type           Power      Damage    Failure   Level
 Animate Skeleton         Necr           0%         N/A       34%         1
 Apportation              Tloc           0%         N/A       34%         1
 Freeze                   Ice            0%         1d3       34%         1
 Magic Dart               Conj           0%         1d3       34%         1
 Slow                     Hex            0%         N/A       34%         1
 Summon Small Mammal      Summ           0%         N/A       34%         1
 Call Imp                 Summ           0%         N/A       47%         2
 Confusing Touch          Hex            0%         N/A       71%         3
 Frozen Ramparts          Ice            0%         1d2       71%         3
 Gell's Gravitas          Tloc           0%         N/A       71%         3
 Lesser Beckoning         Tloc           0%         N/A       71%         3
 Mephitic Cloud           Conj/Pois/Air  0%         N/A       71%         3
 Teleport Other           Tloc           0%         N/A       71%         3
 Vampiric Draining        Necr           0%         2d6       71%         3
 Hailstorm                Conj/Ice       0%         3d3       98%         4


Dungeon Overview and Level Annotations

Branches:
Dungeon (10/15)            Temple (1/1) D:6            Lair (0/6) D:10
    Orc: D:9-12

Altars:
Fedhas
Ru
Uskayaw

Shops:
D:1 =:

Annotations:
D:10 sammy202020's ghost, journeyman DsBe


Innate Abilities, Weirdness & Mutations

You are a tree.
Your roots penetrate the ground, keeping you stationary.
You cannot be teleported.
You are immune to unholy pain and torment.
Your maximum health is greatly increased.
Your equipment is partially melded.
((You have razor-sharp teeth.))
Your natural rate of healing is unusually fast.
When hurt, damage is shared between your health and your magic reserves.
((Your bite disrupts and absorbs the magic of your enemies.))
Potions cannot restore your health.


Message History

You bite sammy202020's ghost, but do no damage.
Sammy202020's ghost is moderately damaged.
* * * LOW HITPOINT WARNING * * *
You feel sick. Sammy202020's ghost barely misses you.
You puncture sammy202020's ghost!
Sammy202020's ghost is heavily damaged.
* * * LOW HITPOINT WARNING * * *
You feel sick.
You can now pass through a line of other dancers.
You hit sammy202020's ghost. Your bite misses sammy202020's ghost.
Sammy202020's ghost is heavily damaged.
* * * LOW HITPOINT WARNING * * *
You feel sick.
You hit sammy202020's ghost but do no damage.
You bite sammy202020's ghost. You drain its power.
Sammy202020's ghost is heavily damaged.
* * * LOW HITPOINT WARNING * * *
You feel sick. Sammy202020's ghost barely misses you.
Really quaff the potion of lignification?
You turn into a tree.
Your scarf of resistance melds into your body.
Your +0 helmet melds into your body.
Your +0 pair of gloves melds into your body.
Your +1 pair of boots melds into your body.
Your +3 ring mail melds into your body.
You feel hot and cold all over.
Your roots penetrate the ground.
* * * LOW HITPOINT WARNING * * *
You feel sick. You block sammy202020's ghost's attack.
You hit sammy202020's ghost but do no damage.
Sammy202020's ghost is heavily damaged.
* * * LOW HITPOINT WARNING * * *
You feel sick.
You hit sammy202020's ghost but do no damage.
Sammy202020's ghost is heavily damaged.
* * * LOW HITPOINT WARNING * * *
You feel sick. Sammy202020's ghost hits you!
* * * LOW HITPOINT WARNING * * *
You puncture sammy202020's ghost!
Sammy202020's ghost is heavily damaged.
You die...

##...#..........
###............
###.............
####..............#
#......#.........##
#.##.#...........#.
##.#####............
#...####............
#..♣...#............
##W##..............)
#.≈.##..............
#.≈.#.............##
#.≈.#.........#...#
#.≈.#......####...##
#)$.#<.....#.###....
#####..........#....
#.##..............


You could see sammy202020's ghost.

Vanquished Creatures
  Erolcha (D:9)
  Pikel (D:6)
  An unseen horror (D:10)
  Maggie (D:6)
  Sigmund (D:2)
  2 wraiths (D:10)
  2 wyverns
  2 basilisks (D:10)
  12 yaks
  2 steam dragons
  Eustachio (D:6)
  3 vampire mosquitoes (D:9)
  Menkaure (D:4)
  2 water moccasins
  An ice beast (D:8)
  2 orc warriors
  2 sky beasts
  2 black bears
  3 centaurs (D:8)
  A phantom (D:5)
  3 bullfrogs
  A necrophage (D:6)
  A gnoll sergeant (D:7)
  2 scorpions (D:5)
  19 wights
  A jelly (D:5)
  Crazy Yiuf (D:3)
  7 orc priests
  Jessica (D:2)
  Natasha (thrice) (D:2)
  3 iguanas
  11 orc wizards
  6 adders
  3 gnolls (D:7)
  A shadow imp (D:6)
  2 worms
  4 dart slugs
  33 orcs
  5 endoplasms
  2 giant cockroaches (D:2)
  6 goblins
  6 hobgoblins
  4 jackals (D:2)
  3 quokkas
  7 ball pythons
  7 bats
  2 frilled lizards (D:3)
  7 kobolds
  7 rats
201 creatures vanquished.

Vanquished Creatures (others)
  9 fungi (D:10)
  7 plants (D:10)
16 creatures vanquished.

Grand Total: 217 creatures vanquished

Notes
Turn   | Place    | Note
-------+----------+-------------------------------------------
     0 | D:1      | zishaf the Vine Stalker Brigand began the quest for the
                  | Orb.
     0 | D:1      | Reached XP level 1. HP: 11/11 MP: 2/2
   164 | D:1      | Reached skill level 1 in Dodging
   164 | D:1      | Reached skill level 5 in Stealth
   216 | D:1      | Found Wyepiec's Book Shop.
   230 | D:1      | Reached XP level 2. HP: 15/15 MP: 3/3
   570 | D:1      | Found Oxziv's Jewellery Emporium.
   962 | D:2      | Reached XP level 3. HP: 18/18 MP: 4/4
   981 | D:2      | Noticed Jessica
   985 | D:2      | Killed Jessica
  1110 | D:2      | Gained mutation: Your natural rate of healing is unusually
                  | fast. [Vine Stalker growth]
  1110 | D:2      | Reached XP level 4. HP: 23/23 MP: 5/5
  1712 | D:2      | Noticed Natasha
  1721 | D:2      | Killed Natasha
  1762 | D:2      | Noticed Sigmund
  1779 | D:2      | Killed Sigmund
  1780 | D:2      | Reached skill level 6 in Stealth
  1780 | D:2      | Reached XP level 5. HP: 22/28 MP: 3/6
  1780 | D:2      | Reached XP level 6. HP: 25/32 MP: 3/7
  2064 | D:2      | Noticed Natasha
  2083 | D:2      | Killed Natasha
  2250 | D:2      | Noticed Natasha
  2267 | D:2      | Killed Natasha
  2563 | D:3      | You fall into a shaft and drop 2 floors!
  2563 | D:5      | Entered Level 5 of the Dungeon
  2607 | D:4      | Noticed a sky beast
  2609 | D:4      | Noticed a black bear
  2645 | D:4      | Killed a black bear
  2646 | D:4      | Reached XP level 7. HP: 24/36 MP: 8/8
  2698 | D:4      | Reached skill level 7 in Stealth
  2822 | D:4      | Noticed Menkaure
  3214 | D:3      | Found a runed translucent door.
  3215 | D:3      | Noticed Crazy Yiuf
  3222 | D:3      | Killed Crazy Yiuf
  3523 | D:4      | Killed Menkaure
  4001 | D:5      | Gained mutation: You have razor-sharp teeth. [Vine Stalker
                  | growth]
  4001 | D:5      | Reached XP level 8. HP: 38/42 MP: 7/9
  4544 | D:5      | Reached skill level 5 in Fighting
  4873 | D:6      | Reached skill level 5 in Short Blades
  5085 | D:6      | Noticed Maggie
  5262 | D:6      | Reached skill level 8 in Stealth
  5264 | D:6      | Reached XP level 9. HP: 28/48 MP: 10/10
  5380 | D:6      | Found a staircase to the Ecumenical Temple.
  5390 | Temple   | Entered the Ecumenical Temple
  5405 | Temple   | Became a worshipper of Uskayaw the Reveller
  5449 | D:6      | Reached * piety under Uskayaw
  5454 | D:6      | Reached ** piety under Uskayaw
  5460 | D:6      | Reached *** piety under Uskayaw
  5461 | D:6      | Killed Maggie
  5461 | D:6      | Reached **** piety under Uskayaw
  5504 | D:6      | Noticed Pikel
  5513 | D:6      | Killed Pikel
  5514 | D:6      | Reached skill level 9 in Stealth
  5538 | D:6      | Noticed Eustachio
  5556 | D:6      | Killed Eustachio
  6531 | D:8      | Reached skill level 5 in Invocations
  6531 | D:8      | Reached XP level 10. HP: 53/53 MP: 14/14
  7097 | D:9      | Reached ***** piety under Uskayaw
  7387 | D:9      | Noticed Erolcha
  7398 | D:9      | Killed Erolcha
  7459 | D:9      | Reached skill level 1 in Shields
  7760 | D:10     | Entered Level 10 of the Dungeon
  7761 | D:10     | Found a blossoming altar of Fedhas.
  7931 | D:10     | Reached XP level 11. HP: 52/60 MP: 14/17
  8236 | D:10     | Found a staircase to the Lair.
  8390 | D:10     | Found a runed translucent door.
  8391 | D:10     | Noticed sammy202020's ghost (journeyman DsBe)
  8430 | D:10     | HP: 2/60 [poisoned by sammy202020's ghost]
  8434 | D:10     | Succumbed to sammy202020's ghost's poison

Illustrated notes

Levels and vault maps discovered:
D:1:      dpeg_arrival_shrine, layout_loops_cross, serial_shops,
          nicolae_shop_temple_entry_statues_fountains,
          nicolae_shop_window_shopping, minmay_liquid_box,
          minmay_misc_feat_secret_circle
D:2:      layout_basic, chequers_serial_rivers_room_b, uniq_natasha,
          uniq_sigmund, uniq_jessica
D:3:      layout_basic, minivault_14, grunt_ministairs_13,
          uniq_crazy_yiuf_cottage
D:4:      layout_loops_cross, uniq_menkaure
D:5:      layout_basic
D:6:      layout_cave_pools, minmay_temple_entry_glass, chequers_avenue,
          hex_medium, uniq_pikel, uniq_eustachio, uniq_maggie
D:7:      layout_loops_ring
D:8:      layout_basic
D:9:      layout_cave_pools, hangedman_decor_slide_cut, uniq_erolcha
D:10:     layout_cave_pools, fedhas_altar_3, david_lair_generic,
          ebering_ghost_reflecting_pool
Temple:   mainiacjoe_temple_archimedes_tessellation

Skill      XL: |  1  2  3  4  5  6  7  8  9 10 11 |
---------------+----------------------------------+-----
Dodging        | 1 2 3 4 |  4.1
Stealth        | 5 6 7 8 9 |  9.0
Short Blades   | 2 3 4 5 6 7 8 |  8.2
Fighting       | 2 3 4 5 6 7 8 |  8.0
Invocations    | 5 7 8 |  8.8
Shields        | 2 3 |  3.9
Throwing       | |  1.7

Action                   |  1- 3 |  4- 6 |  7- 9 | 10-12 || total
-------------------------+-------+-------+-------+-------++-------
Melee: Dagger            |    66 |   102 |   250 |   240 ||   658
       Bite              |    16 |    26 |    73 |    88 ||   203
       Punch             |       |     2 |     5 |     6 ||    13
  Use: Scroll            |       |       |    17 |     2 ||    19
       Potion            |       |       |       |     2 ||     2
 Stab: Sleeping          |     6 |     7 |    18 |     6 ||    37
       Paralysed         |       |       |     3 |    15 ||    18
       Distracted        |       |       |       |     1 ||     1
Armor: Robe              |    15 |    31 |    23 |       ||    69
       Ring mail         |       |       |    18 |    40 ||    58
Dodge: Dodged            |    44 |    55 |   115 |   105 ||   319
Block: Other             |       |       |       |    19 ||    19

Table legend: (Time is in decaauts)
 A = Elapsed time spent in this place.
 B = Non-inter-level travel time spent in this place.
 C = Inter-level travel time spent in this place.
 D = Time resting spent in this place.
 E = Time spent auto-exploring this place.
 F = Levels seen in this place.
 G = Mean time per level.
                   A        B        C        D        E       F      G
               +--------+--------+--------+--------+--------+-----+--------+
         Total |   8251 |   7533 |    718 |    133 |   5461 |  11 |  750.1 |
       Dungeon |   8223 |   7505 |    718 |    133 |   5449 |  10 |  822.3 |
        Temple |     27 |     27 |      0 |      0 |     12 |   1 |   27.0 |
               +--------+--------+--------+--------+--------+-----+--------+

Top non-repeatable levels by time:
     D:2: 1485 daAuts
     D:5: 996 daAuts
     D:3: 911 daAuts
     D:1: 815 daAuts
     D:6: 805 daAuts
     D:4: 755 daAuts
     D:9: 681 daAuts
     D:7: 650 daAuts
    D:10: 574 daAuts
     D:8: 547 daAuts
  Temple: 27 daAuts
